 Dungeon Crawl Stone Soup version 0.28.0-45-g0d030f2227 (webtiles) character file.

Game seed: 11238015546285610128

48 NinjaNoafa the Skirmisher (level 3, 0/33 HPs)
             Began as a Draconian Berserker on Apr 13, 2022.
             Was a Believer of Trog.
             Slain by a rat (2 damage)
             ... on level 2 of the Dungeon.
             The game lasted 00:02:34 (1241 turns).

NinjaNoafa the Skirmisher (Draconian Berserker)     Turns: 1241, Time: 00:02:35

Health: 0/33       AC:  5    Str: 21    XL:     3   Next: 50%
Magic:  3/3        EV: 12    Int:  7    God:    Trog [**....]
Gold:   37         SH:  0    Dex: 10    Spells: 2/2 levels left

rFire   . . .      SeeInvis .   f - +3 dagger (flame)
rCold   . . .      Faith    .   (no shield)
rNeg    . . .      Spirit   .   (armour unavailable)
rPois   .          Reflect  .   (helmet restricted)
rElec   .          Harm     .   k - scarf {shadows}
rCorr   .          Rampage  .   (no gloves)
Will    .....                   (no boots)
Stlth   +.........              (no amulet)
HPRegen 0.11/turn               (no ring)
MPRegen 0.08/turn               (no ring)

@: no status effects
A: AC +5, unfitting armour, cold-blooded
a: Renounce Religion, Berserk, Trog's Hand


You were on level 2 of the Dungeon.
You worshipped Trog.
Trog was pleased with you.
You visited 1 branch of the dungeon, and saw 2 of its levels.

You collected 37 gold pieces.

Inventory:

Hand Weapons
 a - a +0 falchion
 f - a +3 dagger of flaming (weapon)
Missiles
 b - 38 stones (quivered)
Armour
 k - a scarf of shadows (worn)
Scrolls
 i - a scroll of vulnerability


   Skills:
 + Level 3.8 Fighting
 * Level 1.2(2.3) Short Blades
 - Level 3.0(3.1) Long Blades
 + Level 3.2 Dodging
 * Level 1.2 Stealth


You had 2 spell levels left.
You didn't know any spells.
Your spell library was empty.

Dungeon Overview and Level Annotations

Branches:
Dungeon (2/15)

Altars:
Ashenzari


Innate Abilities, Weirdness & Mutations

Your plain brown scales are hard. (AC +5)
You cannot fit into any form of body armour.
You are cold-blooded and may be slowed by cold attacks.


Message History

The adder completely misses you. The adder bites you but does no damage.
The endoplasm freezes you.
You are frozen.
You feel yourself slow down. The adder bites you.
* * * LOW HITPOINT WARNING * * *
You are poisoned.
The adder poisons you!
* * * LOW HITPOINT WARNING * * *
You feel sick. The adder barely misses you.
* * * LOW HITPOINT WARNING * * *
You feel sick. The adder barely misses you.
You aren't carrying any potions.
Okay, then.
You feel sick.
The goblin's inner flame fades away.
The adder barely misses you.
You feel yourself speed up.
* * * LOW HITPOINT WARNING * * *
You feel sick.
You are no longer poisoned.
The goblin's inner flame fades away.
The goblin misses you. The adder closely misses you.
The hobgoblin's inner flame fades away.
The goblin closely misses you.
The endoplasm's inner flame fades away.
The adder misses you.
The kobold's inner flame fades away.
The adder's inner flame fades away.
The adder bites you but does no damage. The adder bites you.
* * * LOW HITPOINT WARNING * * *
The adder closely misses you.
The endoplasm jiggles.
The adder barely misses you.
You feel your willpower return.
An endoplasm comes into view.
The adder bites you but does no damage.
A rat comes into view.
Found a dagger.
The adder misses you. The adder bites you but does no damage.
The kobold throws a stone.
The stone misses you. The rat bites you.
You die...

#..........##.............
#..........##............>
#..........##.............
#..........##......<......
##..................รท.....
#.......K..##.............
#......g...##.............
#.....g.g..#..............
#......JS@.....>........>.
#.....J.r..##.............
#..........###............
#............###.....####..
#............# ###.### .#
..........).# ..........##


You could see an adder, 2 endoplasms, a hobgoblin, 2 goblins, a kobold and a
rat.

Vanquished Creatures
  2 adders (D:2)
  A dart slug (D:2)
  3 bats (D:1)
  5 endoplasms
  A giant cockroach (D:2)
  2 goblins (D:1)
  A hobgoblin (D:1)
  3 kobolds (D:1)
  A quokka (D:2)
  3 ball pythons
  4 frilled lizards
  A rat (D:2)
27 creatures vanquished.

Notes
Turn   | Place    | Note
-------+----------+-------------------------------------------
     0 | D:1      | NinjaNoafa the Draconian Berserker began the quest for the
                  | Orb.
     0 | D:1      | Reached XP level 1. HP: 19/19 MP: 1/1
   290 | D:1      | Reached XP level 2. HP: 26/26 MP: 2/2
   748 | D:1      | Found a faded altar of an unknown god.
   825 | D:2      | Reached skill level 1 in Short Blades
   825 | D:2      | Reached skill level 1 in Stealth
   825 | D:2      | Reached XP level 3. HP: 9/33 MP: 3/3
  1078 | D:2      | Reached ** piety under Trog
  1150 | D:2      | Found a broken altar of Ashenzari.
  1225 | D:2      | HP: 1/33 [adder (2)]
  1241 | D:2      | Slain by a rat

Illustrated notes

Levels and vault maps discovered:
D:1:      onia_arrival_pyramid, layout_rooms,
          dreamdust_ecumenical_altar_angels_and_demons, grunt_decor_one_mirror
D:2:      layout_rooms, basic_altar, minmay_tetromino_s4

Skill      XL: |  1  2 |
---------------+-------+-----
Dodging        | 3 |  3.2
Short Blades   | 1 |  1.2
Stealth        | 1 |  1.2
Fighting       | |  3.8
Long Blades    | |  3.0

Action                   || total
-------------------------++-------
Melee: Falchion          ||    14
       Dagger            ||    67
       Tailslap          ||     6
  Use: Scroll            ||     5
       Potion            ||     2
Armor: Skin              ||    34
Dodge: Dodged            ||    87
